 Dungeon Crawl Stone Soup version 0.30.1-3-gfc49f6343a (webtiles) character file.

Game seed: 1051812183366663489

238 booth the Chopper (level 5, -13/41 HPs)
             Began as a Demonspawn Gladiator on Aug 3, 2023.
             Mangled by Menkaure (22 damage)
             ... on level 4 of the Dungeon.
             The game lasted 00:13:02 (3174 turns).

booth the Chopper (Demonspawn Gladiator)            Turns: 3174, Time: 00:13:03

Health: -13/41     AC:  5    Str: 17    XL:     5   Next: 78%
Magic:  8/8        EV: 12    Int:  9    God:
Gold:   99         SH:  0    Dex: 14    Spells: 8/8 levels left

rFire   . . .        a - +0 war axe (spect)
rCold   . . .        (no shield)
rNeg    . . .        b - +0 leather armour
rPois   .            c - +0 helmet
rElec   .            r - +0 cloak
rCorr   .            (no gloves)
SInv    .            (no boots)
Will    .....        (no amulet)
Stlth   +            (no ring)
HPRegen 0.26/turn    (no ring)
MPRegen 0.11/turn

%: no passive effects
@: no status effects
A: hooves 2
a: no special abilities


You were on level 4 of the Dungeon.
You visited 1 branch of the dungeon, and saw 4 of its levels.

You collected 148 gold pieces.
You spent 49 gold pieces at shops.

Inventory:

Hand Weapons
 a - a +0 spectral war axe (weapon)
 t - a +1 mace of protection
Missiles
 d - 3 throwing nets
 e - 6 javelins
 i - 5 boomerangs of dispersal
 m - 11 boomerangs
 p - 6 poisoned darts (quivered)
Armour
 b - a +0 leather armour (worn)
 c - a +0 helmet (worn)
 k - a +0 kite shield
 r - a +0 cloak (worn)
Wands
 v - a wand of iceblast (11)
Scrolls
 f - a scroll of vulnerability
 g - a scroll of enchant armour {unknown}
 h - a scroll of amnesia
 j - a scroll of immolation {unknown}
 q - 2 scrolls of fear
Potions
 l - a potion of ambrosia {unknown}
 n - 6 potions of attraction
 o - 2 potions of haste
 s - 2 potions of cancellation {unknown}
 u - 3 potions of curing {unknown}


   Skills:
 + Level 3.2 Fighting
 + Level 3.6 Axes
 + Level 2.9 Throwing
 + Level 3.5 Dodging
 + Level 2.0 Spellcasting


You had 8 spell levels left.
You didn't know any spells.
Your spell library contained the following spells:

 Spells                   Type           Power      Damage    Failure   Level
 Apportation              Tloc           0%         N/A       38%         1
 Necrotise                Necr           0%         1d4       38%         1
 Shock                    Conj/Air       0%         1d3       38%         1
 Summon Small Mammal      Summ           0%         N/A       38%         1
 Swiftness                Air            0%         N/A       77%         3
 Airstrike                Air            0%         2d(0-16)  99%         4


Dungeon Overview and Level Annotations

Branches:
Dungeon (4/15)
 Temple: D:4-7

Altars:

Shops:
D:2 *!(

Annotations:
D:4 Menkaure


Innate Abilities, Weirdness & Mutations

You have hoof-like feet.


Message History

You now have 99 gold pieces (gained 30).
The hound closely misses you.
You closely miss the hound. You kick the hound.
The hound is moderately wounded.
Your +0 spectral war axe closely misses the hound.
The hound bites you. The hound bites you but does no damage.
You barely miss the hound. You kick the hound, but do no damage.
The hound is moderately wounded.
Your +0 spectral war axe hits the hound!
You kill the hound!
Your Spellcasting skill increases to level 2!
Your +0 spectral war axe disappears.
You see here a hobgoblin corpse.
Found a worn copper wand and a sapphire potion.
Magic restored.
Menkaure, Prince of Dust comes into view.
Menkaure's bandages flutter.
Menkaure casts a spell.
Menkaure seems to speed up.
You see here a wand of iceblast (11).
v - a wand of iceblast (11)
Found a sling.
Menkaure calls on the powers of darkness!
Your body is wracked with pain!
Found a stone staircase leading up.
Menkaure calls on the powers of darkness!
Your body is wracked with pain!
You see here a sapphire potion.
u - 3 sapphire potions (gained 1) Menkaure calls on the powers of darkness!
Your body is wracked with pain!
* * * LOW HITPOINT WARNING * * *
A quokka comes into view.
Menkaure casts a spell at you.
You barely resist. You closely miss Menkaure. You kick Menkaure!
Menkaure is moderately damaged.
Your +0 spectral war axe hits Menkaure.
Menkaure hits you!!
Ouch! That really hurt!
You die...

...................#
............).......#
...........[........#
....................#
..................†.# #
.....r...........†..# #
..................[.####
.......M(...............
.......@.............###
.....................#
....................##
....................#
....................#
..........).........#
....................#
...........<....
................


You could see Menkaure (fast), a quokka and a friendly +0 spectral war axe.

Vanquished Creatures
  A scorpion (D:4)
  An orc priest (D:3)
  A hound (D:4)
  A sleepcap (D:3)
  4 adders (D:2)
  2 worms
  6 orcs
  4 ball pythons
  5 bats
  5 endoplasms
  2 giant cockroaches (D:3)
  7 hobgoblins
  2 kobolds
  A quokka (D:3)
  A frilled lizard (D:2)
  5 goblins
  A rat (D:1)
49 creatures vanquished.

Notes
Turn   | Place    | Note
-------+----------+-------------------------------------------
     0 | D:1      | booth the Demonspawn Gladiator began the quest for the Orb.
     0 | D:1      | Reached XP level 1. HP: 16/16 MP: 1/1
   250 | D:1      | Found a faded altar of an unknown god.
   477 | D:1      | Gained mutation: You have large cloven feet. [demonic
                  | ancestry]
   477 | D:1      | Reached XP level 2. HP: 22/22 MP: 2/2
  1092 | D:2      | Found Jyulubag's Distillery.
  1136 | D:2      | Reached XP level 3. HP: 23/28 MP: 2/4
  1222 | D:2      | Found Waedox's Antique Weapon Shop.
  1254 | D:2      | Reached skill level 1 in Spellcasting
  1325 | D:2      | Found Axtio's General Store.
  1328 | D:2      | Bought a +0 cloak for 49 gold pieces
  2223 | D:3      | Gained mutation: You have hoof-like feet. [demonic
                  | ancestry]
  2223 | D:3      | Reached XP level 4. HP: 34/34 MP: 5/5
  2506 | D:3      | Reached XP level 5. HP: 40/40 MP: 7/7
  3163 | D:4      | Noticed Menkaure
  3174 | D:4      | Mangled by Menkaure

Illustrated notes

Levels and vault maps discovered:
D:1:      saegor_arrival_simple_d, layout_loops_ring,
          shapermc_ecumenical_altar_starsandcircs
D:2:      layout_basic, serial_shops, shop, shop,
          nicolae_shop_tiny_real_fake_doors, columned_hall_lemuel
D:3:      layout_basic, chequers_jeans
D:4:      layout_basic, nrook_mini_vaults, uniq_menkaure

Skill      XL: |  1  2  3  4  5 |
---------------+----------------+-----
Throwing       | 2 |  2.9
Axes           | 3 |  3.6
Dodging        | 3 |  3.5
Spellcasting   | 1 2 |  2.0
Fighting       | 3 |  3.2

Action                     |  1- 3 |  4- 6 || total
---------------------------+-------+-------++-------
  Melee: War axe           |    56 |    38 ||    94
         Kick              |     6 |    16 ||    22
    Use: Scroll            |     6 |     1 ||     7
         Potion            |       |     1 ||     1
   Stab: Distracted        |       |     1 ||     1
 Armour: Leather armour    |    12 |     4 ||    16
  Dodge: Dodged            |    29 |    14 ||    43
